AoeStats
← 辉夜夜大小姐

Arena

509905770Analyzed
4v4 RM · 4d ago on Sep 28, 2026· 51m 57s· 8 players
Game mode
Random Map
Map size
Large (8 player)
Population
200
Speed
Normal
Resources
Standard
Victory
Conquest
Starting age
Dark Age
Ending age
Imperial Age
RankedLock teamsTeams togetherTeam positionsShared explorationLock speedFull tech treeHidden civsTurbo modeCheats
Victory
Defeat
🇺🇸 Persians · United States
1230
+17
🇪🇸 Khmer · Spain
1228
+17
🇪🇸 Goths · Spain
1210
+18
🇲🇽 Cumans · Mexico
1203
+18
🇺🇦 Teutons · Ukraine
1291
-19
🇺🇦 Saracens · Ukraine
1281
-19
🇧🇪 Portuguese · Belgium
1257
-18
🇨🇳 Franks · China
1155
-14
CARANZA
1:55 Loom
11:53 Feudal Age
12:27 Double-Bit Axe
16:10 Castle Age
18:47 Wheelbarrow
21:22 Bow Saw
21:46 Horse Collar
23:06 Heavy Plow
23:55 Gold Mining
29:25 Imperial Age
28:05 Anarchy
28:11 Scale Mail Armor
28:26 Squires
28:24 Pikeman
29:16 Forging
29:22 Chain Mail Armor
30:13 Elite Huskarl
31:53 Perfusion
32:14 Conscription
34:37 Chemistry
34:29 Iron Casting
34:27 Crop Rotation
35:28 Ballistics
37:13 Capped Ram
37:56 Halberdier
49:04 Two-Man Saw
48:21 Hand Cart
47:52 Town Watch
Dr_Sanz
11:23 Feudal Age
14:20 Castle Age
13:19 Double-Bit Axe
13:48 Horse Collar
16:45 Loom
21:01 Heavy Plow
22:00 Wheelbarrow
23:52 Bow Saw
24:26 Stone Mining
24:35 Gold Mining
25:01 Hand Cart
24:32 Town Watch
26:15 Gold Shaft Mining
29:18 Imperial Age
27:23 Bloodlines
27:42 Scale Barding Armor
27:47 Forging
28:52 Chain Barding Armor
28:36 Husbandry
30:46 Crop Rotation
31:09 Conscription
31:32 Tusk Swords
32:51 Plate Barding Armor
32:51 Iron Casting
32:37 Elite Battle Elephant
36:21 Blast Furnace
50:18 Spies/Treason
mark_aoe_2024
10:14 Feudal Age
14:45 Castle Age
12:48 Double-Bit Axe
12:46 Horse Collar
13:50 Gold Mining
14:19 Bloodlines
17:00 Loom
20:45 Bow Saw
21:44 Wheelbarrow
22:18 Husbandry
24:38 Scale Barding Armor
26:57 Hand Cart
27:50 Heavy Plow
30:37 Chain Barding Armor
30:29 Forging
33:13 Imperial Age
30:31 Light Cavalry
32:44 Gold Shaft Mining
32:54 Iron Casting
33:17 Masonry
33:28 Ballistics
32:51 Cavalier
32:54 Hussar
33:59 Conscription
34:45 Chemistry
33:44 Pikeman
34:25 Squires
34:40 Citadels
34:23 Savar
36:01 Kamandaran
36:36 Hoardings
37:09 Thumb Ring
36:43 Crossbowman
37:41 Fletching
38:27 Plate Barding Armor
39:35 Bodkin Arrow
40:43 Blast Furnace
42:07 Padded Archer Armor
42:08 Scale Mail Armor
47:31 Leather Archer Armor
48:48 Two-Man Saw
49:25 Ballistics
52:05 Masonry
52:42 Crop Rotation
Barba_Tiesa
4:45 Loom
9:42 Feudal Age
10:19 Double-Bit Axe
12:04 Scale Barding Armor
14:59 Wheelbarrow
18:59 Horse Collar
26:35 Castle Age
25:12 Town Watch
25:27 Gold Mining
27:36 Bow Saw
27:27 Heavy Plow
27:43 Hand Cart
31:37 Imperial Age
30:40 Chain Barding Armor
30:32 Bloodlines
31:10 Gold Shaft Mining
31:40 Cavalier
32:58 Plate Barding Armor
33:14 Conscription
34:24 Two-Man Saw
34:29 Forging
34:56 Pikeman
35:37 Scale Mail Armor
36:12 Iron Casting
36:11 Halberdier
37:25 Crop Rotation
37:37 Chain Mail Armor
38:51 Blast Furnace
45:01 Capped Ram
45:53 Siege Ram
48:16 Squires
48:01 Arson
48:48 Plate Mail Armor
noumha
10:46 Feudal Age
14:56 Castle Age
21:03 Fletching
25:06 Loom
28:39 Imperial Age
27:07 Fortified Wall
26:51 Town Watch
26:48 Horse Collar
27:05 Double-Bit Axe
29:11 Pikeman
31:07 Chemistry
30:28 Bow Saw
31:48 Halberdier
34:08 Forging
35:52 Stone Mining
36:42 Gambesons
37:34 Iron Casting
39:33 Arquebus
39:54 Conscription
40:55 Siege Engineers
41:12 Bombard Tower
42:43 Padded Archer Armor
42:40 Bodkin Arrow
42:46 Scale Mail Armor
43:47 Blast Furnace
42:43 Guard Tower
43:14 Ballistics
43:47 Thumb Ring
47:42 Bracer
47:58 Chain Mail Armor
47:58 Leather Archer Armor
Don'tPushTheHorses
0:30 Loom
10:18 Feudal Age
12:15 Double-Bit Axe
12:10 Horse Collar
19:04 Castle Age
21:17 Bow Saw
22:31 Heavy Plow
24:41 Gold Mining
27:17 Wheelbarrow
30:47 Imperial Age
29:32 Hand Cart
30:01 Scale Barding Armor
30:06 Forging
30:44 Bloodlines
30:34 Husbandry
31:22 Gold Shaft Mining
31:55 Conscription
32:09 Elite Mameluke
36:11 Iron Casting
Морозець
0:28 Loom
10:45 Feudal Age
11:09 Horse Collar
11:18 Double-Bit Axe
17:44 Castle Age
18:44 Heavy Plow
18:56 Bow Saw
21:53 Stone Mining
25:12 Gold Mining
30:50 Imperial Age
29:47 Wheelbarrow
28:57 Town Watch
29:24 Forging
32:04 Conscription
33:19 Iron Casting
32:44 Scale Mail Armor
33:29 Squires
33:14 Arson
33:55 Crenellations
37:15 Masonry
38:37 Blast Furnace
37:52 Chain Mail Armor
41:26 Fortified Wall
42:52 Hoardings
42:12 Fletching
42:53 Plate Mail Armor
44:27 Chemistry
辉夜夜大小姐
9:39 Feudal Age
15:28 Castle Age
14:31 Double-Bit Axe
18:11 Husbandry
21:18 Bow Saw
25:05 Wheelbarrow
32:40 Imperial Age
30:26 Hand Cart
29:56 Loom
30:10 Gold Mining
30:28 Scale Barding Armor
31:59 Scale Mail Armor
32:10 Forging
32:55 Gold Shaft Mining
33:27 Chain Mail Armor
33:04 Pikeman
33:45 Squires
34:26 Iron Casting
34:18 Cavalier
36:19 Halberdier
38:15 Chain Barding Armor
38:26 Plate Mail Armor
38:56 Blast Furnace
38:20 Fortified Wall
Connection lost

Rejoining the realm…

Still unreachable

The connection could not be restored.

Session expired

The server has moved on; the page needs a fresh start.